[Event "Titled Tuesday Blitz June 07 Early 2022"]
[White "Bharath Subramaniyam H"]
[Black "Lianes Garcia, Marcos"]
[WhiteFideId "46634827"]
[BlackFideId "32060777"]
[WhiteElo "2242"]
[BlackElo "2310"]
[Result "1-0"]
[Round "10"]
[TimeControl "180+1"]
[Date "2022.06.07"]
[WhiteClock "0:00:43"]
[BlackClock "0:00:13"]

1. d4 g6 2. Nf3 Bg7 3. Bf4 c5 4. c3 cxd4 5. cxd4 d5 6. Nc3 Nf6 7. h3 O-O 8. Rc1 Nc6 9. e3 h6 10. Bd3 a6 11. O-O Bf5 12. Bxf5 gxf5 13. Ne5 Rc8 14. Na4 Nxe5 15. Rxc8 Nf3+ 16. Qxf3 Qxc8 17. Be5 e6 18. Nc5 b6 19. Nd3 Qd7 20. Nf4 Rc8 21. Qg3 Kh7 22. Qh4 Qd8 23. f3 Qh8 24. Qf2 Nd7 25. Bd6 Bf8 26. Bxf8 Qxf8 27. Qe2 b5 28. e4 dxe4 29. fxe4 fxe4 30. Qxe4+ Kh8 31. Nxe6 Qe7 32. Nc5 Qxe4 33. Nxe4 Kg7 34. Rxf7+ Kxf7 35. Nd6+ Ke6 36. Nxc8 Kd5 37. Ne7+ Kxd4 38. Nf5+ Kd3 39. Nxh6 Kc2 40. g4 Kxb2 41. g5 Kxa2 42. g6 b4 43. Ng4 1-0


[Site "https://www.chess.com"]

[Event "Titled Tuesday Blitz June 07 Early 2022"]
[White "Bortnyk, Mykola"]
[Black "Chigaev, Maksim"]
[WhiteFideId "14120836"]
[BlackFideId "4108116"]
[WhiteElo "2582"]
[BlackElo "2457"]
[Result "0-1"]
[Round "10"]
[TimeControl "180+1"]
[Date "2022.06.07"]
[WhiteClock "0:00:11"]
[BlackClock "0:00:17"]

1. e4 e5 2. Nf3 Nc6 3. Bb5 a6 4. Ba4 Nf6 5. Qe2 b5 6. Bb3 Bc5 7. c3 d6 8. h3 O-O 9. d3 Bb6 10. Bg5 Rb8 11. Nbd2 Ne7 12. Bxf6 gxf6 13. Nh4 Ng6 14. g3 c6 15. Qf3 a5 16. a3 a4 17. Ba2 Kh8 18. Nf5 d5 19. O-O-O Bxf5 20. Qxf5 Qd6 21. Qf3 d4 22. Nb1 Ba5 23. h4 Ne7 24. h5 c5 25. Kd2 b4 26. axb4 cxb4 27. cxb4 Rxb4 28. Kc2 Rfb8 29. Rd2 Rxb2+ 30. Kd1 Bxd2 31. Nxd2 Rxa2 32. Ke2 Rbb2 33. Rd1 h6 34. g4 Kg7 35. g5 fxg5 36. Qg3 Qf6 37. Ke1 Rxd2 38. Rxd2 Rxd2 39. Kxd2 Qf4+ 0-1


[Site "https://www.chess.com"]

[Event "Titled Tuesday Blitz June 07 Early 2022"]
[White "Bortnyk, Olexandr"]
[Black "Costachi, Mihnea"]
[WhiteFideId "14120828"]
[BlackFideId "1217518"]
[WhiteElo "2723"]
[BlackElo "2476"]
[Result "1/2-1/2"]
[Round "10"]
[TimeControl "180+1"]
[Date "2022.06.07"]
[WhiteClock "0:00:02"]
[BlackClock "0:00:03"]

1. d4 Nf6 2. Nc3 d5 3. Bf4 c6 4. e3 Bf5 5. Nf3 h6 6. Bd3 Bxd3 7. cxd3 e6 8. O-O Bd6 9. Ne5 O-O 10. Qb3 Qb6 11. Rfc1 Bxe5 12. Bxe5 Nbd7 13. Bd6 Qxb3 14. axb3 Rfe8 15. b4 a6 16. h3 Rad8 17. Na4 e5 18. dxe5 Nxe5 19. Bc7 Rc8 20. Bxe5 Rxe5 21. Nc5 Re7 22. Kf1 Rb8 23. g4 Nd7 24. Ra3 Nxc5 25. bxc5 Kf8 26. Rb3 Rd8 27. Ke2 Rdd7 28. Kd2 Ke8 29. Kc3 Kd8 30. Kb4 Kc7 31. Ka5 d4 32. e4 g5 33. f4 gxf4 34. Rf1 Re5 35. Kb4 h5 36. Rxf4 hxg4 37. hxg4 Kd8 38. Kc4 Ke7 39. Ra3 Ke6 40. Ra1 Ke7 41. Rh1 b6 42. b4 a5 43. Rh7 Ke8 44. Rh5 b5+ 45. Kb3 a4+ 46. Kb2 Rxh5 47. gxh5 Ke7 48. e5 Rd5 49. Re4 Kf8 50. h6 Kg8 51. e6 Rd8 52. e7 Re8 53. Rxd4 Rxe7 54. Rd6 Re2+ 55. Kc3 Re6 56. d4 Kh7 57. d5 Re3+ 58. Kd4 Rb3 59. Rxc6 Rxb4+ 60. Ke5 a3 61. Rc7 Kg6 62. h7 f6+ 63. Ke6 Re4+ 64. Kd6 Rh4 65. Ra7 b4 66. c6 Rxh7 67. Rxh7 Kxh7 68. c7 a2 69. c8=Q a1=Q 70. Qb7+ Kg6 71. Qxb4 Qe5+ 72. Kc6 Kf7 73. Qb7+ Kg6 74. Qb1+ f5 75. Qg1+ Kf6 76. Qc5 f4 77. Kb7 f3 78. Qf8+ Kg5 79. Qxf3 Qd6 80. Qe3+ Kf6 81. Qd4+ Ke7 82. Qg7+ Kd8 83. Qg8+ Kd7 84. Qc8+ Ke7 85. Qc6 Qb4+ 86. Kc7 Qa5+ 87. Kc8 Qa3 88. Qe6+ Kf8 89. Qf6+ Ke8 90. Qc6+ Ke7 91. Qc7+ Ke8 92. Qd7+ Kf8 93. Qd8+ Kf7 94. Kb8 Qb4+ 95. Ka7 Qa4+ 96. Kb7 Qb3+ 97. Kc8 Qa3 98. Qd7+ Kf8 99. Qc6 Ke7 1/2-1/2


[Site "https://www.chess.com"]

[Event "Titled Tuesday Blitz June 07 Early 2022"]
[White "Bryakin, Mikhail"]
[Black "Martin Carmona, Gaston Manuel"]
[WhiteFideId "4165314"]
[BlackFideId "22284567"]
[WhiteElo "2417"]
[BlackElo "2162"]
[Result "1-0"]
[Round "10"]
[TimeControl "180+1"]
[Date "2022.06.07"]
[WhiteClock "0:00:07"]
[BlackClock "0:00:04"]

1. d4 Nf6 2. c4 e6 3. Nf3 d5 4. g3 Be7 5. Bg2 O-O 6. O-O c6 7. Qc2 b6 8. Nbd2 Bb7 9. e4 Na6 10. a3 c5 11. exd5 exd5 12. Rd1 Rc8 13. b3 dxc4 14. Nxc4 cxd4 15. Rxd4 Qe8 16. Qd1 Bc5 17. Nd6 Bxd6 18. Rxd6 Ne4 19. Rd3 Nc3 20. Qd2 Ne2+ 21. Kf1 Nxc1 22. Rxc1 Rxc1+ 23. Qxc1 Qb5 24. Qc4 Qxc4 25. bxc4 Nc5 26. Re3 f6 27. Nd4 Bxg2+ 28. Kxg2 Rd8 29. Nf5 Rd7 30. h4 Kf7 31. h5 Ne6 32. a4 Nc5 33. Ra3 Ke6 34. Nh4 Rd4 35. Re3+ Kf7 36. Nf5 Rd7 37. Ra3 g6 38. Ne3 Rd4 39. a5 gxh5 40. axb6 axb6 41. Nf5 Rd3 42. Ra7+ Kg6 43. Ne7+ Kg5 44. Nd5 Rd4 45. Nxb6 Ne4 46. Kf3 Nd2+ 47. Ke3 Rd8 48. Rc7 Nb3 49. c5 h4 50. gxh4+ Kxh4 51. c6 Na5 52. Rxh7+ Kg5 53. c7 Re8+ 54. Kf3 Kg6 55. Rd7 Nc6 56. Kg2 Na7 57. Rd8 1-0


[Site "https://www.chess.com"]

[Event "Titled Tuesday Blitz June 07 Early 2022"]
[White "Demchenko, Anton"]
[Black "Xu, Yi"]
[WhiteFideId "4160258"]
[BlackFideId "8605564"]
[WhiteElo "2539"]
[BlackElo "2471"]
[Result "1/2-1/2"]
[Round "10"]
[TimeControl "180+1"]
[Date "2022.06.07"]
[WhiteClock "0:00:07"]
[BlackClock "0:00:09"]

1. e4 c5 2. Nf3 d6 3. d4 cxd4 4. Qxd4 Nf6 5. Nc3 Nc6 6. Bb5 Bd7 7. Bxc6 Bxc6 8. Bg5 e6 9. O-O-O Be7 10. Qd3 a6 11. Nd4 Bd7 12. Kb1 Qc7 13. f3 b5 14. h4 b4 15. Nce2 Qb7 16. g4 a5 17. Ng3 a4 18. Be3 Bc6 19. Nh5 Nxh5 20. gxh5 h6 21. Nxc6 Qxc6 22. Rhg1 a3 23. b3 Bf6 24. Bd4 Ke7 25. f4 Bxd4 26. Qxd4 Rhc8 27. Rd2 Qc3 28. Rxg7 Qxd4 29. Rxd4 Rg8 30. Rxg8 Rxg8 31. Kc1 Rg1+ 32. Kd2 Rg2+ 33. Kd3 Rg3+ 34. Kc4 Rc3+ 35. Kxb4 Rxc2 36. Kxa3 Rf2 37. b4 Rxf4 38. b5 Kd7 39. Kb4 f5 40. a4 Rxe4 41. Rxe4 fxe4 42. Kc3 Kc7 43. a5 e5 44. Kd2 d5 45. Ke3 Kb7 46. Kd2 Ka7 47. Ke3 Kb7 48. Kd2 Ka7 49. Ke3 1/2-1/2


[Site "https://www.chess.com"]

[Event "Titled Tuesday Blitz June 07 Early 2022"]
[White "Djokic, Mihailo"]
[Black "Nesterov, Arseniy"]
[WhiteFideId "976440"]
[BlackFideId "24198455"]
[WhiteElo "2255"]
[BlackElo "2489"]
[Result "1-0"]
[Round "10"]
[TimeControl "180+1"]
[Date "2022.06.07"]
[WhiteClock "0:01:19"]
[BlackClock "0:00:04"]

1. e4 e5 2. Nf3 Nc6 3. Nc3 Nf6 4. Bb5 Bd6 5. Bxc6 dxc6 6. d4 exd4 7. Qxd4 c5 8. Qd3 Nd7 9. Bg5 f6 10. Be3 O-O 11. O-O-O Qe8 12. Nb5 Qe6 13. Kb1 b6 14. Nxd6 cxd6 15. Bf4 Re8 16. Rhe1 Ne5 17. Qxd6 Qxd6 18. Rxd6 Nxf3 19. gxf3 Kf7 20. Red1 Bh3 21. Kc1 Re6 22. Rd7+ Re7 23. R7d5 h6 24. Bg3 Be6 25. R5d3 Bc4 26. Rc3 Be6 27. a3 Rd7 28. Rxd7+ Bxd7 29. Kd2 Bb5 30. Ke3 Rd8 31. b4 cxb4 32. axb4 Rd7 33. Rc8 Ba6 34. Ra8 Bc4 35. Bb8 a6 36. Ba7 b5 37. Bd4 Rd6 38. Bc5 Rc6 39. Ra7+ Kg8 40. c3 Re6 41. f4 Rc6 42. f3 Re6 43. f5 Rc6 44. f4 Rc8 45. e5 Rd8 46. Bd4 Rf8 47. e6 Re8 48. Rxa6 Bb3 49. Rb6 Bc2 50. Rxb5 1-0


[Site "https://www.chess.com"]

[Event "Titled Tuesday Blitz June 07 Early 2022"]
[White "Dubov, Daniil"]
[Black "Daneshvar, Bardiya"]
[WhiteFideId "24126055"]
[BlackFideId "12576468"]
[WhiteElo "2791"]
[BlackElo "2303"]
[Result "1-0"]
[Round "10"]
[TimeControl "180+1"]
[Date "2022.06.07"]
[WhiteClock "0:00:16"]
[BlackClock "0:00:02"]

1. c4 c6 2. Nf3 d5 3. g3 dxc4 4. Bg2 Nd7 5. O-O Ngf6 6. Na3 Nb6 7. Qc2 Be6 8. Ng5 Bg4 9. Nxc4 Bxe2 10. Ne5 Bh5 11. Re1 Nbd7 12. d4 e6 13. Bf3 Nxe5 14. Bxh5 Nxh5 15. dxe5 Be7 16. Ne4 O-O 17. Qe2 f5 18. Nd6 Bxd6 19. exd6 Qe8 20. Bg5 Nf6 21. Qxe6+ Qxe6 22. Rxe6 Nd7 23. Rae1 Rf7 24. h4 h6 25. Be7 Re8 26. Kg2 c5 27. h5 c4 28. a4 b6 29. Kf3 Rc8 30. Bh4 Nc5 31. Re7 Ne4 32. Rxf7 Kxf7 33. d7 Rg8 34. Rxe4 fxe4+ 35. Kxe4 g5 36. hxg6+ Ke6 37. d8=Q 1-0


[Site "https://www.chess.com"]

[Event "Titled Tuesday Blitz June 07 Early 2022"]
[White "Durarbayli, Vasif"]
[Black "Volkov, Maksim"]
[WhiteFideId "13402935"]
[BlackFideId "54123070"]
[WhiteElo "2528"]
[BlackElo "2155"]
[Result "1-0"]
[Round "10"]
[TimeControl "180+1"]
[Date "2022.06.07"]
[WhiteClock "0:01:19"]
[BlackClock "0:01:19"]

1. e4 c5 2. Nf3 d6 3. Bb5+ Nd7 4. O-O a6 5. Bd3 Ngf6 6. Re1 e5 7. a4 g6 8. Bc4 Bg7 9. d3 O-O 10. Nc3 Nb8 11. Bg5 h6 12. Bxf6 Qxf6 13. Nd5 Qd8 14. a5 Be6 15. Nb6 Ra7 16. c3 Nc6 17. Qb3 Bxc4 18. dxc4 f5 19. Nd2 h5 20. Qa4 Bh6 21. Rad1 Rf7 22. Nf3 Qf6 23. h4 Kg7 24. b4 cxb4 25. cxb4 fxe4 26. Rxe4 Nd4 27. Rdxd4 exd4 28. Qd1 Bf4 29. Nd5 1-0


[Site "https://www.chess.com"]

[Event "Titled Tuesday Blitz June 07 Early 2022"]
[White "Gong, Patrick"]
[Black "Cardoso Cardoso, Jose Gabriel"]
[WhiteFideId "3222500"]
[BlackFideId "4430492"]
[WhiteElo "2103"]
[BlackElo "2485"]
[Result "1-0"]
[Round "10"]
[TimeControl "180+1"]
[Date "2022.06.07"]
[WhiteClock "0:00:08"]
[BlackClock "0:00:02"]

1. g3 g6 2. Bg2 Bg7 3. e4 c5 4. Nc3 Nc6 5. Nh3 Rb8 6. O-O b5 7. d3 b4 8. Nd5 a5 9. Rb1 d6 10. f4 Bb7 11. f5 Nf6 12. Nxf6+ Bxf6 13. Bh6 Rg8 14. fxg6 hxg6 15. Be3 Qd7 16. Nf4 Ne5 17. Bh3 Qc7 18. c3 Rh8 19. Bg2 Qd7 20. h3 g5 21. Nh5 Ba6 22. c4 Qe6 23. Rxf6 Qd7 24. Rf2 Kd8 25. Bxg5 f6 26. Nxf6 exf6 27. Bxf6+ Kc7 28. Bxh8 Rxh8 29. Qd2 Bc8 30. Rbf1 Qh7 31. h4 Rg8 32. d4 cxd4 33. Qxd4 Rxg3 34. c5 Qg7 35. Qxd6+ Kb7 36. c6+ Ka7 37. Rf7+ Nxf7 38. Qc7+ Ka6 39. Qxc8+ Kb5 40. Qb7+ Ka4 41. Rf2 Nd6 42. Qxg7 Rxg7 43. e5 Nb5 44. Kf1 Nd4 45. Bd5 Re7 46. Re2 Nxe2 47. b3+ Kb5 48. Bc4+ Kxc6 49. Kxe2 Rxe5+ 50. Kf3 Kc5 51. Kg4 a4 52. h5 a3 53. h6 Re7 54. Kg5 Kd4 55. Bg8 Kc3 56. Kg6 Kb2 57. Bf7 Re4 58. h7 Rg4+ 59. Kh6 Rg1 60. h8=Q+ Kxa2 61. Bh5 Rb1 62. Qd4 Rxb3 63. Bf7 Kb1 64. Bxb3 a2 65. Bxa2+ 1-0


[Site "https://www.chess.com"]

[Event "Titled Tuesday Blitz June 07 Early 2022"]
[White "Gormally, Daniel W"]
[Black "Urazayev, Arystanbek"]
[WhiteFideId "406465"]
[BlackFideId "13709810"]
[WhiteElo "2543"]
[BlackElo "2422"]
[Result "0-1"]
[Round "10"]
[TimeControl "180+1"]
[Date "2022.06.07"]
[WhiteClock "0:00:01"]
[BlackClock "0:00:14"]

1. e4 e6 2. d4 d5 3. Nd2 c5 4. exd5 Qxd5 5. Ngf3 cxd4 6. Bc4 Qd6 7. O-O Nf6 8. Nb3 Nc6 9. Nbxd4 Nxd4 10. Nxd4 Be7 11. c3 O-O 12. Qe2 Bd7 13. Bg5 h6 14. Bh4 Qc7 15. Rad1 Rad8 16. Bb3 Nd5 17. Bg3 Nf4 18. Qe4 Bd6 19. Rfe1 Nd5 20. Bxd6 Qxd6 21. Bxd5 exd5 22. Qe7 Qg6 23. Qe3 Rfe8 24. Qg3 Qa6 25. a3 Qb6 26. b4 Ba4 27. Rc1 Rc8 28. h3 Qf6 29. Re3 Rxe3 30. Qxe3 Re8 31. Qd2 Re4 32. Re1 Qg5 33. Re3 Rxe3 34. Qxe3 Qxe3 35. fxe3 Kf8 36. Kf2 Ke7 37. Kf3 Bd1+ 38. Kf4 Kf6 39. e4 g5+ 40. Ke3 Ke5 41. exd5 Kxd5 42. Kd3 Ke5 43. Ke3 f5 44. c4 f4+ 45. Kd3 h5 46. Nf3+ Kf5 47. c5 Ba4 48. Nd4+ Ke5 49. Nf3+ Kf6 50. h4 g4 51. Ng5 Bc6 52. Ne4+ Ke5 53. Nc3 Bxg2 0-1


[Site "https://www.chess.com"]

[Event "Titled Tuesday Blitz June 07 Early 2022"]
[White "Gunina, Valentina"]
[Black "Adla, Diego"]
[WhiteFideId "4167570"]
[BlackFideId "100072"]
[WhiteElo "2386"]
[BlackElo "2377"]
[Result "1-0"]
[Round "10"]
[TimeControl "180+1"]
[Date "2022.06.07"]
[WhiteClock "0:01:43"]
[BlackClock "0:01:20"]

1. e4 e5 2. Nf3 Nc6 3. Bc4 Nf6 4. d3 Bc5 5. c3 O-O 6. Bg5 h6 7. Bh4 Be7 8. O-O d6 9. Nbd2 a5 10. a4 Be6 11. Qb3 Qd7 12. Rae1 Rab8 13. Kh1 Nh7 14. Bg3 Ng5 15. Nxg5 hxg5 16. f3 b6 17. Rf2 Nd8 18. Nf1 Bxc4 19. Qxc4 Ne6 20. Ne3 b5 21. axb5 Qxb5 22. Qxb5 Rxb5 23. Nd5 Rfb8 24. Nxe7+ Kf8 25. Nd5 Rxb2 26. h3 c6 27. Ne3 a4 28. Ra1 Rxf2 29. Bxf2 Rb3 30. Rxa4 Rxc3 31. Nf5 Kg8 32. Ra8+ Kh7 33. Nxd6 Rxd3 34. Nxf7 Nf4 35. Rh8+ Kg6 36. Nxe5+ 1-0


[Site "https://www.chess.com"]

[Event "Titled Tuesday Blitz June 07 Early 2022"]
[White "Howell, David W L"]
[Black "Le, Tuan Minh"]
[WhiteFideId "410608"]
[BlackFideId "12401153"]
[WhiteElo "2559"]
[BlackElo "2530"]
[Result "0-1"]
[Round "10"]
[TimeControl "180+1"]
[Date "2022.06.07"]
[WhiteClock "0:00:01"]
[BlackClock "0:00:09"]

1. e4 c5 2. Nc3 Nc6 3. f4 g6 4. Nf3 Bg7 5. a3 e6 6. b4 b6 7. e5 d6 8. Bb5 Ne7 9. Ne4 dxe5 10. fxe5 O-O 11. Bb2 Nd4 12. Nxd4 cxd4 13. Nf6+ Bxf6 14. exf6 Nf5 15. Bc6 Rb8 16. Qf3 e5 17. O-O Qxf6 18. Rae1 Qd6 19. b5 f6 20. a4 Qc7 21. c3 dxc3 22. Qxc3 Be6 23. Qb4 Rbd8 24. Rf2 Qe7 25. Qxe7 Nxe7 26. Ba3 Rf7 27. Rxf6 Nxc6 28. Rxe6 Na5 29. R6xe5 Rfd7 30. Bb4 Nc4 31. Re8+ Rxe8 32. Rxe8+ Kf7 33. Re2 Nb2 34. a5 bxa5 35. Bxa5 Rb7 36. Bc3 Nd3 37. Re3 Nc5 38. Re5 Nd7 39. Re1 Rxb5 40. Ra1 Rb7 41. Kf2 Nb6 42. Ke2 Rd7 43. Ra6 Nd5 44. Kf3 Ke8 45. h4 Kd8 46. Bd4 Nb4 47. Bf6+ Kc8 48. Re6 Rf7 49. Ke4 Kd7 0-1


[Site "https://www.chess.com"]

[Event "Titled Tuesday Blitz June 07 Early 2022"]
[White "Jumabayev, Rinat"]
[Black "Jeet, Jain"]
[WhiteFideId "13702661"]
[BlackFideId "5073022"]
[WhiteElo "2561"]
[BlackElo "2055"]
[Result "1-0"]
[Round "10"]
[TimeControl "180+1"]
[Date "2022.06.07"]
[WhiteClock "0:00:26"]
[BlackClock "0:00:06"]

1. e4 e6 2. d4 d5 3. Nd2 dxe4 4. Nxe4 Bd7 5. Nf3 Bc6 6. Bd3 Nd7 7. O-O Be7 8. Re1 Ngf6 9. Neg5 O-O 10. Ne5 h6 11. Nh3 Nxe5 12. dxe5 Nd5 13. a3 Nb6 14. Qg4 Kh8 15. Qh5 Qd5 16. Nf4 Qa5 17. Re3 Bg5 18. b4 Qa4 19. Rg3 f6 20. Ng6+ Kg8 21. Ne7+ Kh8 22. Qg6 f5 23. Bxg5 Be8 24. Qxe6 Bf7 25. Qxh6+ gxh6 26. Bf6+ Kh7 27. Rg7+ Kh8 28. Rxf7# 1-0


[Site "https://www.chess.com"]

[Event "Titled Tuesday Blitz June 07 Early 2022"]
[White "Khamdamova, Afruza"]
[Black "Shipov, Sergei"]
[WhiteFideId "14210444"]
[BlackFideId "4113624"]
[WhiteElo "1660"]
[BlackElo "2778"]
[Result "0-1"]
[Round "10"]
[TimeControl "180+1"]
[Date "2022.06.07"]
[WhiteClock "0:00:15"]
[BlackClock "0:00:42"]

1. e4 e6 2. d4 d5 3. Nd2 Be7 4. Ngf3 Nf6 5. Bd3 c5 6. exd5 Qxd5 7. dxc5 Nbd7 8. O-O Nxc5 9. Bc4 Qd6 10. Nb3 a6 11. Be3 Na4 12. Qxd6 Bxd6 13. Rfd1 Nxb2 14. Rxd6 Nxc4 15. Rd3 Nxe3 16. Rxe3 b6 17. Rd1 Bb7 18. Ne5 Ke7 19. Red3 Be4 20. R3d2 Rhc8 21. c4 Rc7 22. f3 Bc6 23. Nd4 Ba4 24. Rb1 Rb8 25. Rb4 Be8 26. Rdb2 Rc5 27. f4 b5 28. cxb5 Nd5 29. R4b3 axb5 30. Nd3 Rc4 31. Nxb5 Nxf4 32. Nxf4 Rxf4 33. Nc3 Rxb3 34. axb3 f5 35. b4 Rc4 36. Nb1 Bc6 37. b5 Bb7 38. Nd2 Ra4 39. Rc2 Bd5 40. Rc7+ Kf6 41. b6 Rb4 42. Nf3 Rxb6 43. Nd4 Rb1+ 44. Kf2 Rb2+ 0-1


[Site "https://www.chess.com"]

[Event "Titled Tuesday Blitz June 07 Early 2022"]
[White "Korchmar, Vasiliy"]
[Black "Donchenko, Anatoly"]
[WhiteFideId "24131750"]
[BlackFideId "4106091"]
[WhiteElo "2370"]
[BlackElo "2339"]
[Result "1-0"]
[Round "10"]
[TimeControl "180+1"]
[Date "2022.06.07"]
[WhiteClock "0:00:11"]
[BlackClock "0:00:13"]

1. e4 Nf6 2. e5 Nd5 3. d4 d6 4. Nf3 Bg4 5. Bc4 c6 6. Nc3 dxe5 7. dxe5 e6 8. Ne4 Nd7 9. h3 Bxf3 10. Qxf3 Nxe5 11. Qe2 Nxc4 12. Qxc4 Be7 13. O-O O-O 14. b3 Nf6 15. Bb2 Nxe4 16. Qxe4 Bf6 17. Rad1 Qe7 18. Bxf6 Qxf6 19. Rd7 Rab8 20. Rfd1 Rfd8 21. Qf4 Re8 22. Qc7 h6 23. R1d3 Rf8 24. Rf3 Qg6 25. Rdxf7 Rxf7 26. Qxb8+ Kh7 27. Rxf7 Qxf7 28. Qxa7 Qd7 29. Qc5 Qd2 30. a4 e5 31. a5 e4 32. b4 Qc1+ 33. Kh2 Qf4+ 34. g3 Qd2 35. h4 Qe2 36. Kg2 Qf3+ 37. Kh2 Qe2 38. c3 Qf3 39. Qe3 Qf5 40. Qf4 Qd5 41. g4 Qc4 42. h5 Kh8 43. Qf8+ Kh7 44. Qf5+ Kh8 45. Qe5 Qe2 46. Qf4 Qc4 47. Qe3 Qe6 48. Kg3 Qe5+ 49. Kg2 Qe6 50. Qf4 Qc4 51. Qf8+ Kh7 52. Qc5 Qd3 53. Qf5+ Kh8 54. Qf4 Qd5 55. Qf8+ Kh7 56. Qf5+ Qxf5 57. gxf5 Kg8 58. Kg3 Kf7 59. Kf4 Kf6 60. Kxe4 Kg5 61. c4 Kxh5 62. b5 Kg5 63. a6 cxb5 64. cxb5 bxa6 65. bxa6 h5 66. a7 h4 67. a8=Q h3 68. Qa1 h2 69. Qh1 Kg4 70. Qxh2 g5 71. Qg3+ Kh5 72. f6 Kg6 73. f4 Kf7 74. Qxg5 Ke6 75. Qe5+ Kf7 76. f5 Kf8 77. Qe7+ Kg8 78. Qg7# 1-0


[Site "https://www.chess.com"]

[Event "Titled Tuesday Blitz June 07 Early 2022"]
[White "Kosteniuk, Alexandra"]
[Black "Molina, Roberto Junio Brito"]
[WhiteFideId "4128125"]
[BlackFideId "2109450"]
[WhiteElo "2469"]
[BlackElo "2432"]
[Result "1/2-1/2"]
[Round "10"]
[TimeControl "180+1"]
[Date "2022.06.07"]
[WhiteClock "0:01:08"]
[BlackClock "0:01:35"]

1. e4 c6 2. Nc3 d5 3. Nf3 dxe4 4. Nxe4 Bg4 5. h3 Bxf3 6. Qxf3 Nd7 7. d4 Ndf6 8. Nxf6+ Nxf6 9. Qd3 Qd5 10. c4 Qe4+ 11. Be3 Qxd3 12. Bxd3 e6 13. O-O O-O-O 14. Rfd1 g6 15. Rab1 Bg7 16. b4 Rd7 17. b5 cxb5 18. Rxb5 Ne8 19. Be2 Nc7 20. Rb3 Rhd8 21. Bf3 b6 22. c5 Bxd4 23. cxb6 axb6 24. Bxd4 Rxd4 25. Rxd4 Rxd4 26. Rxb6 Rd2 27. a4 Ra2 28. Rb4 Kd7 29. Rd4+ Ke7 30. Bc6 Nd5 1/2-1/2


[Site "https://www.chess.com"]

[Event "Titled Tuesday Blitz June 07 Early 2022"]
[White "Kozak, Antoni"]
[Black "Shimelkov, Vasiliy"]
[WhiteFideId "21832030"]
[BlackFideId "13701630"]
[WhiteElo "2320"]
[BlackElo "2073"]
[Result "0-1"]
[Round "10"]
[TimeControl "180+1"]
[Date "2022.06.07"]
[WhiteClock "0:00:13"]
[BlackClock "0:00:24"]

1. e4 c6 2. d4 d5 3. exd5 cxd5 4. Bd3 Nc6 5. c3 Nf6 6. h3 g6 7. Nf3 Bg7 8. O-O Bf5 9. Be2 Qc7 10. Re1 O-O 11. Bg5 Ne4 12. Be3 e5 13. dxe5 Nxe5 14. Nxe5 Bxe5 15. Nd2 Rad8 16. Nf3 Bf4 17. Bxf4 Qxf4 18. Qd4 a6 19. Rad1 Rfe8 20. Nh2 Qd6 21. Bg4 b5 22. Bxf5 gxf5 23. Qe3 Re6 24. Nf3 f4 25. Qd3 Rg6 26. Nd4 Qf6 27. Qf3 Kh8 28. Kh2 Rdg8 29. Rg1 Qg7 30. Ne2 Ng5 31. Qxf4 Qh6 32. Rxd5 Rf6 33. Qg4 Nxh3 34. Qxg8+ Kxg8 35. gxh3+ Kf8 36. Rg2 Rf3 37. Ng3 Qe6 38. Rd2 Qxa2 39. Ne4 Qe6 40. Ng5 Qe5+ 41. Kh1 Qe1+ 42. Kh2 Qxd2 43. Nxf3 Qxb2 44. Ng5 Qxc3 45. Nxh7+ Ke7 46. Ng5 b4 47. f4 b3 48. Re2+ Kf8 49. Ne4 Qf3 50. Ng3 Qxf4 0-1


[Site "https://www.chess.com"]

[Event "Titled Tuesday Blitz June 07 Early 2022"]
[White "Lagno, Kateryna"]
[Black "Lazavik, Denis"]
[WhiteFideId "14109336"]
[BlackFideId "13515110"]
[WhiteElo "2522"]
[BlackElo "2437"]
[Result "0-1"]
[Round "10"]
[TimeControl "180+1"]
[Date "2022.06.07"]
[WhiteClock "0:01:48"]
[BlackClock "0:02:26"]

1. e4 c5 2. Nf3 e6 3. d4 cxd4 4. Nxd4 Nc6 5. Nc3 Qc7 6. Be3 a6 7. a3 b5 8. Nxc6 Qxc6 9. Be2 Bb7 10. O-O Rc8 11. Qd4 Nf6 12. Bf3 Bc5 13. Qxc5 Qxc5 14. Bxc5 Rxc5 15. e5 Bxf3 16. exf6 Rg5 17. g3 gxf6 18. Rfe1 Ke7 19. Re3 Bc6 20. Ne4 Re5 21. Rae1 f5 22. Nd2 Rxe3 23. f3 Rxe1+ 0-1


[Site "https://www.chess.com"]

[Event "Titled Tuesday Blitz June 07 Early 2022"]
[White "Makarian, Rudik"]
[Black "Martinez Alcantara, Jose Eduardo"]
[WhiteFideId "44105681"]
[BlackFideId "3805662"]
[WhiteElo "2398"]
[BlackElo "2703"]
[Result "0-1"]
[Round "10"]
[TimeControl "180+1"]
[Date "2022.06.07"]
[WhiteClock "0:00:03"]
[BlackClock "0:00:08"]

1. d3 d5 2. f4 g6 3. Nf3 Nf6 4. g3 Bg7 5. Bg2 O-O 6. O-O Nc6 7. c3 b6 8. Kh1 Bb7 9. Nbd2 Nd7 10. d4 Nf6 11. Ne5 e6 12. Qe1 Ne7 13. e4 c5 14. exd5 Bxd5 15. dxc5 bxc5 16. Qe2 Qc7 17. Ndf3 Rad8 18. b3 Nf5 19. g4 Nd6 20. c4 Bb7 21. Bb2 Nfe4 22. Ng5 Nxg5 23. fxg5 Ne4 24. Nf3 Bxb2 25. Qxb2 Qf4 26. Qe5 Qxg4 27. h3 Qg3 28. Kg1 Rd3 29. Qxg3 Nxg3 30. Ne5 Re3 31. Ng4 Nxf1 32. Bxb7 Rxh3 33. Nf6+ Kg7 34. Kxf1 h6 35. Nd7 Rd8 36. Nxc5 hxg5 37. Kg2 Rc3 38. Ne4 Rc2+ 39. Kg3 Rd3+ 40. Kg4 f5+ 41. Kxg5 fxe4 42. Bxe4 Rg3+ 43. Kf4 Rcc3 44. Rd1 Kf6 45. Bc6 g5+ 46. Ke4 Rc2 47. Kd4 Rxa2 48. c5 Rxb3 49. Kc4 Rbb2 50. Rf1+ Ke7 51. Be4 Ra4+ 52. Kc3 Rxe4 53. Kxb2 Rc4 54. Ra1 Rxc5 55. Rxa7+ Kf6 56. Kb3 g4 57. Kb4 Rg5 0-1


[Site "https://www.chess.com"]

[Event "Titled Tuesday Blitz June 07 Early 2022"]
[White "Morefield, Jason"]
[Black "Terry, Renato"]
[WhiteFideId "30920825"]
[BlackFideId "3803457"]
[WhiteElo "2171"]
[BlackElo "2577"]
[Result "0-1"]
[Round "10"]
[TimeControl "180+1"]
[Date "2022.06.07"]
[WhiteClock "0:00:18"]
[BlackClock "0:00:31"]

1. e4 e6 2. d4 d5 3. Nc3 Nf6 4. Bg5 Bb4 5. exd5 Qxd5 6. Bxf6 Bxc3+ 7. bxc3 gxf6 8. Nf3 Bd7 9. Bd3 Qa5 10. Qd2 Bc6 11. Be2 Nd7 12. O-O Rg8 13. Rfe1 O-O-O 14. Qe3 Nb6 15. c4 Qf5 16. Kh1 Qg4 17. Rg1 Bxf3 18. gxf3 Qh4 19. c3 c6 20. a4 Nd7 21. a5 a6 22. d5 exd5 23. Qa7 Qf4 24. cxd5 cxd5 25. Bxa6 Qxf3+ 0-1


[Site "https://www.chess.com"]

[Event "Titled Tuesday Blitz June 07 Early 2022"]
[White "Narayanan, Srinath"]
[Black "Kamsky, Gata"]
[WhiteFideId "5018420"]
[BlackFideId "2000024"]
[WhiteElo "2472"]
[BlackElo "2645"]
[Result "1/2-1/2"]
[Round "10"]
[TimeControl "180+1"]
[Date "2022.06.07"]
[WhiteClock "0:00:09"]
[BlackClock "0:00:13"]

1. d4 Nf6 2. Nc3 d5 3. Bf4 c6 4. e3 g6 5. Nf3 Bg4 6. Be2 Bxf3 7. Bxf3 Bg7 8. h4 h5 9. Qd2 Nbd7 10. O-O-O b5 11. Qd3 Qa5 12. Kb1 Nb6 13. e4 b4 14. Ne2 dxe4 15. Bxe4 Nxe4 16. Qxe4 Qd5 17. Ng3 Qxe4 18. Nxe4 Nd5 19. Bg5 Rb8 20. Nc5 e6 21. Rhe1 Rb5 22. Rd3 O-O 23. Ne4 a5 24. Kc1 Rfb8 25. Red1 a4 26. Nd6 Ra5 27. Rf3 Ra7 28. Nc4 a3 29. bxa3 bxa3 30. Rxa3 Rxa3 31. Nxa3 Nc3 32. Rd3 Bxd4 33. Kd2 Ne4+ 34. Ke2 c5 35. Nc4 Nc3+ 36. Kd2 Ne4+ 37. Ke2 f6 38. Be3 e5 39. Rb3 Ra8 40. a3 Kf7 41. f3 Ng3+ 42. Kd3 Nf5 43. Bd2 Nxh4 44. Rb7+ Ke6 45. Rb6+ Ke7 46. Rb7+ Ke6 47. Rb6+ Ke7 48. Rb7+ Ke6 1/2-1/2


[Site "https://www.chess.com"]